Map: Rhoskallian LE

Players

Massa

  • Race: Terran Terran
  • League: Platinum
  • Spawn Location: 5:00

qqq

  • Race: Zerg Zerg
  • League: Platinum
  • Spawn Location: 6:00

madCenosha - Winner!

  • Race: Terran Terran
  • League: Platinum
  • Spawn Location: 11:00

Rednaxela - Winner!

  • Race: Protoss Protoss
  • League: Diamond
  • Spawn Location: 12:00

VOD

Have the link to the VOD?

Description

Time

  • Played on: Jan. 4, 2021, 4:06 p.m.
  • Length: 20:14
Show
View Real Time Build Order
Export as new Build Order

Massa Terran 

Build Orders:  

Get SALT Encoding   

  12  0:00  SCV  
  13  0:12  SCV  
  14  0:18  Supply Depot  
  14  0:24  SCV  
  15  0:40  SCV  
  15  0:41  Barracks  
  16  0:47  Refinery  
  16  0:52  SCV  
  17  1:04  SCV  
  18  1:17  SCV  
  19  1:30  SCV  
  20  1:46  SCV  
  21  1:47  Command Center  
  21  1:52  Supply Depot  
  21  2:00  Orbital Command  
  21  2:05  Reaper  
  22  2:16  Factory  
  22  2:29  SCV  
  23  2:31  Supply Depot  
  23  2:35  Refinery  
  23  2:43  Marine  
  24  2:50  Refinery  
  24  2:52  SCV  
  25  3:01  Starport  
  25  3:04  SCV  
  26  3:13  Starport  
  26  3:16  SCV  
  26  3:17  Factory Tech Lab  
  26  3:19  Orbital Command  
  27  3:28  SCV  
  28  3:46  SCV x2, Factory Reactor  
  28  3:48  Raven  
  31  3:58  SCV  
  31  4:01  Engineering Bay  
  29  4:29  Factory Tech Lab  
  29  4:30  Viking  
  29  4:31  Viking  
  31  4:32  SCV  
  31  4:33  SCV  
  35  4:41  Missile Turret  
  35  4:45  SCV x2  
  37  4:49  Refinery  
  37  4:51  Liberator  
  40  4:57  SCV x2  
  42  5:01  Viking  
  44  5:09  SCV x2  
  46  5:18  Liberator  
  51  5:21  Widow Mine  
  51  5:23  Marine  
  52  5:41  Marine  
  53  5:52  Supply Depot  
  53  5:54  Supply Depot  
  53  5:56  Command Center, Supply Depot  
  53  6:01  SCV  
  53  6:02  Missile Turret  
  54  6:13  SCV x2, Raven  
  54  6:14  Widow Mine  
  60  6:24  Barracks Tech Lab  
  57  6:39  SCV  
  59  6:40  SCV, Missile Turret  
  59  6:52  SCV x2  
  61  7:04  SCV  
  60  7:14  Viking x3  
  66  7:20  Orbital Command  
  66  7:21  SCV x2  
  68  7:33  SCV x2  
  70  7:44  Raven, Viking x2  
  76  7:52  SCV x3  
  76  7:55  Refinery  
  76  7:58  Refinery  
  79  8:04  SCV  
  79  8:05  SCV x2  
  82  8:14  Viking  
  82  8:16  SCV  
  85  8:27  Raven  
  87  8:34  Viking  
  89  8:43  Stimpack  
  89  8:44  Viking  
  91  9:04  Viking  
  92  9:17  SCV  
  93  9:27  Missile Turret  
  93  9:35  Fusion Core  
  93  9:39  Barracks, Command Center  
  93  9:42  Barracks  
  93  9:44  Barracks x2  
  93  9:49  Missile Turret  
  93  9:55  Raven, Supply Depot  
  93  9:56  Supply Depot  
  93  9:58  Supply Depot  
  93  10:00  Supply Depot x2  
  93  10:02  Supply Depot  
  93  10:04  Supply Depot  
  93  10:10  Missile Turret  
  93  10:11  SCV x2  
  93  10:13  Siege Tank  
  93  10:16  SCV  
  86  10:23  SCV, Supply Depot  
  86  10:24  Supply Depot  
  86  10:25  Supply Depot  
  86  10:26  Supply Depot  
  86  10:28  Supply Depot  
  79  10:33  Viking  
  79  10:34  Viking  
  83  10:38  Raven  
  82  11:03  Viking  
  70  11:14  Viking  
  69  11:20  Raven  
  69  11:22  Starport x2  
  69  11:23  Barracks Reactor x2, Barracks Tech Lab x2  
  69  11:25  Marauder  
  73  11:29  SCV  
  73  11:30  SCV x2  
  73  11:32  Planetary Fortress  
  76  11:33  Viking  
  78  11:41  SCV  
  78  11:42  SCV x2  
  78  11:44  Viking  
  78  11:45  Marine  
  84  11:52  Terran Infantry Weapons Level 1  
  84  11:53  SCV  
  85  11:54  SCV x2  
  85  11:55  Advanced Ballistics, Missile Turret  
  85  11:56  Armory  
  87  12:02  Armory  
  87  12:03  Marine  
  87  12:05  SCV  
  87  12:06  SCV x2  
  91  12:10  Engineering Bay  
  91  12:12  Combat Shield  
  91  12:15  Marauder x2  
  95  12:16  Marine  
  95  12:17  Marine, Missile Turret  
  95  12:18  SCV  
  95  12:20  Starport Tech Lab, Starport Reactor  
  95  12:22  Marauder  
  100  12:23  Viking  
  102  12:31  SCV x2  
  102  12:32  SCV x2  
  102  12:36  Marauder x2  
  110  12:39  Missile Turret  
  110  12:42  Marine  
  110  12:43  SCV x2  
  110  12:44  SCV x2  
  115  12:49  Liberator  
  115  12:50  Liberator x2  
  124  12:55  SCV  
  124  12:56  SCV  
  124  12:57  Marauder  
  124  12:58  Marauder  
  130  13:01  Marauder  
  132  13:08  Liberator, Viking x2  
  139  13:14  Weapon Refit  
  139  13:16  Marine  
  139  13:17  Marine x3  
  139  13:19  Marauder x2, Thor  
  153  13:22  Marauder  
  155  13:32  Liberator  
  158  13:34  Terran Infantry Armor Level 1, Marine  
  158  13:35  Terran Vehicle And Ship Armor Level 1, Marine x3, Terran Vehicle Weapons Level 1  
  158  13:40  Marauder x2  
  166  13:44  Marauder  
  168  13:52  Marine x2  
  170  14:01  Marauder  
  170  14:02  Marauder, Thor  
  180  14:05  Marauder  
  168  14:17  Viking x3  
  168  14:18  Viking x3  
  158  14:37  Marauder x3, Marine  
  158  14:38  Marine  
  132  14:47  Viking x3  
  132  14:48  Viking x3  
  126  14:53  Thor  
  126  14:58  Marauder  
  126  14:59  Marauder x2  
  132  15:08  Marine  
  127  15:20  Marauder x3  
  133  15:28  Factory  
  133  15:29  Factory  
  133  15:30  Factory  
  133  15:32  Refinery x2  
  133  15:36  Thor  
  133  15:41  Marauder x3  
  145  15:48  Command Center x2  
  145  15:56  Missile Turret  
  145  15:58  Missile Turret  
  145  16:00  Missile Turret  
  145  16:01  Missile Turret x2  
  145  16:10  Raven x2  
  149  16:20  Missile Turret  
  149  16:22  Marine, Missile Turret  
  149  16:23  Marauder x2, Marine  
  149  16:24  Marauder, Marine x2, Missile Turret x2  
  159  16:29  Terran Infantry Weapons Level 2  
  157  16:40  Marine  
  157  16:41  Marine  
  157  16:42  Marine x2  
  157  16:44  Marine x2  
  157  16:45  Marauder  
  165  16:53  Raven  
  163  16:54  Factory Tech Lab x3  
  163  16:56  Thor  
  163  16:58  Marine  
  163  16:59  Marine  
  163  17:00  Marine x2, Viking x3  
  179  17:02  Marine x2  
  179  17:05  Marine  
  182  17:08  Refinery  
  182  17:11  Refinery  
  182  17:13  Refinery  
  182  17:14  Orbital Command  
  182  17:15  Refinery, Orbital Command  
  182  17:16  Marine  
  182  17:17  Marine x3  
  182  17:20  Marine x2  
  188  17:23  Marine  
  188  17:24  Corvid Reactor  
  189  17:38  Marine x2  
  189  17:40  Terran Vehicle And Ship Armor Level 2, Terran Vehicle Weapons Level 2  
  189  17:41  Marine  
  170  18:48  Marauder x2, Marine  
  154  18:49  Thor  
  115  19:05  Viking x3  
  115  19:06  Viking x3  
  115  19:07  Marine x5  
  115  19:09  Marine x2  
  124  19:25  Marine x5  
  124  19:27  Marine x2  
  124  19:30  Command Center  
  119  19:33  Barracks  
  119  19:35  Barracks  
  119  19:36  Barracks  
  119  19:37  Barracks x2  
  118  19:42  Viking x3  
  118  19:43  Marine x5  
  118  19:44  Marine  
  118  19:45  Barracks, Marine  
  106  19:46  Barracks x3  
  106  19:48  Barracks  
  90  19:59  SCV x2  
  94  20:00  SCV x3  
Show
View Real Time Build Order
Export as new Build Order

qqq Zerg 

Build Orders: Hatch First, Roach Hydra 

Get SALT Encoding   

  12  0:00  Drone  
  13  0:08  Drone  
  14  0:18  Overlord  
  14  0:46  Hatchery  
  13  0:51  Drone  
  13  0:56  Drone  
  15  0:58  Drone  
  16  1:17  Spawning Pool  
  15  1:24  Extractor  
  15  1:25  Drone x2  
  16  1:34  Drone  
  16  1:37  Drone  
  18  1:47  Drone  
  19  2:08  Drone, Roach Warren  
  21  2:16  Queen  
  21  2:21  Drone  
  24  2:25  Drone  
  24  2:29  Lair  
  23  2:30  Drone  
  23  2:31  Drone  
  23  2:35  Drone  
  26  2:37  Extractor  
  26  2:39  Drone  
  26  2:47  Overlord  
  28  2:51  Roach  
  28  2:57  Overlord  
  28  3:07  Drone x2, Roach  
  28  3:08  Drone  
  33  3:17  Queen  
  35  3:21  Drone  
  35  3:26  Glial Reconstitution  
  36  3:30  Roach  
  38  3:35  Drone  
  38  3:37  Roach  
  38  3:40  Roach  
  43  3:42  Drone  
  44  3:50  Overlord  
  44  4:07  Spore Crawler  
  44  4:08  Drone  
  44  4:09  Drone x2, Overlord  
  46  4:23  Roach  
  46  4:24  Drone x3  
  51  4:32  Hydralisk Den  
  51  4:33  Drone  
  51  4:35  Evolution Chamber, Roach  
  52  4:51  Drone x2  
  52  4:52  Roach  
  56  5:02  Roach  
  56  5:03  Roach  
  56  5:04  Overlord  
  60  5:15  Overlord x2  
  60  5:21  Extractor  
  60  5:22  Extractor  
  60  5:28  Overlord x2, Roach  
  60  5:37  Zerg Ground Armor Level 1  
  60  5:42  Hatchery, Evolution Chamber  
  58  5:44  Roach  
  58  5:45  Roach  
  58  5:49  Hydralisk  
  64  5:54  Muscular Augments  
  64  5:57  Hydralisk  
  64  5:59  Drone  
  67  6:07  Hydralisk  
  67  6:08  Hydralisk  
  67  6:10  Drone  
  72  6:13  Overseer  
  72  6:17  Drone x2  
  74  6:21  Drone x2  
  76  6:29  Hydralisk x2  
  80  6:42  Hydralisk x2  
  80  6:44  Hydralisk  
  80  6:45  Drone  
  87  6:59  Hydralisk  
  88  7:04  Spire  
  87  7:11  Drone x2  
  87  7:12  Drone, Spore Crawler  
  87  7:13  Infestation Pit  
  82  7:35  Hydralisk x3  
  72  7:46  Drone x7  
  63  7:58  Hydralisk  
  63  7:59  Hydralisk  
  63  8:01  Drone  
  68  8:07  Hatchery, Grooved Spines  
  68  8:10  Hydralisk  
  68  8:12  Drone  
  70  8:20  Mutalisk  
  70  8:21  Corruptor  
  74  8:28  Hive  
  74  8:30  Zerg Flyer Weapons Level 1  
  74  8:34  Drone x2  
  74  8:37  Queen  
  78  8:44  Zerg Missile Weapons Level 1  
  78  8:48  Drone  
  79  8:51  Drone x3  
  82  8:57  Drone  
  83  9:03  Drone  
  83  9:06  Spore Crawler  
  83  9:07  Spore Crawler  
  83  9:08  Spine Crawler  
  81  9:12  Hydralisk  
  81  9:13  Mutalisk  
  81  9:15  Mutalisk  
  87  9:17  Drone  
  87  9:23  Drone x2  
  90  9:25  Extractor  
  90  9:27  Extractor  
  90  9:30  Drone  
  89  9:33  Hatchery  
  89  9:36  Drone  
  89  9:41  Drone  
  90  9:47  Corruptor x3  
  96  10:01  Overlord x4  
  92  10:24  Zerg Flyer Armor Level 1  
  92  10:26  Corruptor x2  
  92  10:27  Mutalisk, Hydralisk  
  90  10:29  Drone x6  
  90  10:34  Mutalisk x2  
  98  10:42  Zergling x2  
  91  10:43  Drone, Zergling x2  
  93  10:52  Overseer x2  
  93  10:59  Drone x4  
  93  11:01  Ultralisk Cavern, Zergling x6  
  99  11:05  Queen  
  99  11:10  Drone  
  102  11:16  Extractor x2  
  102  11:18  Spine Crawler x2  
  98  11:31  Drone x3  
  98  11:32  Drone x5  
  106  11:34  Viper x2  
  106  11:37  Roach x2  
  106  11:38  Hatchery, Zergling x10  
  120  11:43  Zerg Melee Weapons Level 1  
  120  11:48  Drone x4  
  120  11:53  Viper  
  124  11:59  Anabolic Synthesis  
  128  12:01  Drone x3  
  128  12:06  Queen  
  128  12:07  Drone x2  
  134  12:24  Overlord x4  
  134  12:25  Overlord x5  
  134  12:32  Metabolic Boost  
  134  12:34  Extractor  
  133  12:37  Zerg Ground Armor Level 2  
  133  12:41  Extractor  
  133  12:42  Chitinous Plating  
  132  12:45  Drone x6  
  132  12:46  Lurker Den  
  132  13:15  Hydralisk x2  
  132  13:17  Ultralisk x4  
  132  13:18  Zergling x10  
  132  13:19  Zergling x6  
  165  13:50  Viper x2  
  165  13:51  Hydralisk x3  
  165  13:52  Corruptor x3  
  183  14:00  Zergling x4, Ultralisk  
  183  14:01  Zergling x10  
  159  14:24  Corruptor x5  
  159  14:26  Overlord x5  
  159  14:28  Drone x8  
  159  14:29  Drone  
  175  14:35  Hydralisk  
  175  14:36  Hydralisk x5  
  171  14:39  Drone  
  171  14:42  Drone x2  
  153  14:49  Zerg Melee Weapons Level 2  
  149  14:54  Zergling x8, Ultralisk  
  149  14:55  Zergling x10  
  149  14:56  Drone x3  
  149  15:08  Drone x3  
  149  15:09  Zergling x4  
  149  15:10  Zergling x4  
  153  15:16  Ultralisk  
  153  15:17  Ultralisk  
  165  15:24  Spore Crawler  
  165  15:26  Spore Crawler  
  165  15:27  Spore Crawler x2  
  165  15:28  Spore Crawler  
  160  15:30  Drone x4, Spore Crawler x2  
  160  15:35  Spore Crawler x2  
  160  15:37  Drone x3  
  160  15:40  Spore Crawler  
  160  15:42  Extractor x2  
  160  15:51  Ultralisk x2  
  160  15:52  Zergling x2, Ultralisk x3  
  160  15:53  Zergling x2  
  192  16:10  Queen, Spore Crawler  
  191  16:11  Spore Crawler  
  191  16:12  Spore Crawler x2  
  188  16:22  Hydralisk  
  188  16:23  Hydralisk x4  
  198  16:25  Zerg Ground Armor Level 3  
  197  16:42  Drone  
  197  16:43  Drone x2  
  146  17:04  Ultralisk x5  
  146  17:05  Ultralisk  
  146  17:06  Zergling x6  
  146  17:07  Drone x5  
  146  17:08  Drone  
  167  17:17  Ultralisk  
  167  17:18  Drone x2  
  167  17:19  Drone x5  
  176  17:25  Spore Crawler x2  
  172  17:34  Ultralisk  
  172  17:35  Ultralisk, Corruptor  
  172  17:37  Drone x2  
  172  17:38  Drone  
  175  17:47  Zerg Flyer Weapons Level 2  
  175  17:57  Hatchery  
  162  17:59  Drone  
  162  18:00  Drone  
  162  18:04  Corruptor x5  
  174  18:06  Corruptor  
  171  18:14  Ultralisk  
  171  18:15  Zergling x4  
  179  18:20  Drone x2  
  175  18:33  Ultralisk  
  175  18:34  Zergling x4  
  187  18:35  Zergling x12  
  187  18:38  Drone  
  187  18:39  Drone  
  183  18:44  Overseer x3  
  183  18:45  Overseer  
  173  19:01  Drone  
  173  19:02  Drone  
  130  19:27  Ultralisk x7  
  130  19:29  Drone x2  
  157  19:34  Corruptor  
  143  19:48  Zergling x6  
  143  19:50  Drone  
  147  19:53  Drone x3  
Show
View Real Time Build Order
Export as new Build Order

madCenosha Terran - Winner!

Build Orders: 2 Factory 

Get SALT Encoding   

  12  0:00  SCV  
  13  0:12  SCV  
  14  0:18  Supply Depot  
  14  0:25  SCV  
  15  0:40  SCV  
  15  0:41  Barracks  
  16  0:48  Refinery  
  16  0:52  Refinery  
  16  0:57  SCV  
  17  1:09  SCV  
  18  1:28  Orbital Command  
  18  1:32  Supply Depot  
  18  1:34  Marine  
  19  1:45  Factory  
  19  1:53  SCV  
  20  1:54  Marine  
  21  2:06  SCV  
  22  2:13  Marine  
  23  2:19  SCV  
  24  2:32  Factory  
  24  2:34  Hellion  
  26  2:37  Marine  
  26  2:39  SCV  
  28  2:58  Widow Mine, SCV  
  31  3:18  Starport  
  31  3:28  Factory Reactor  
  31  3:35  Factory Tech Lab, Command Center  
  31  3:42  Armory  
  31  3:43  Supply Depot  
  31  3:57  Starport Tech Lab  
  31  3:58  Fusion Core  
  31  4:05  Widow Mine, SCV  
  31  4:06  Widow Mine x2  
  38  4:14  Supply Depot  
  38  4:17  SCV  
  39  4:31  Drilling Claws  
  39  4:36  SCV  
  40  4:48  SCV  
  40  4:51  Battlecruiser  
  47  5:11  Refinery  
  47  5:12  Terran Vehicle And Ship Armor Level 1  
  47  5:13  Hellion  
  49  5:15  SCV  
  51  5:22  Orbital Command  
  50  5:32  Refinery  
  50  5:42  Weapon Refit  
  50  5:50  SCV  
  50  5:51  SCV  
  52  6:09  Battlecruiser  
  58  6:15  Widow Mine x2  
  62  6:27  Supply Depot  
  62  6:37  Armory  
  62  6:45  Supply Depot  
  62  6:49  Widow Mine, SCV x2  
  66  7:01  SCV x2  
  62  7:36  Battlecruiser  
  68  7:50  Hellion  
  68  7:51  Hellion x2, Infernal Pre-Igniter  
  74  7:57  SCV  
  74  7:58  SCV  
  75  8:05  Terran Vehicle And Ship Armor Level 2  
  75  8:07  Terran Ship Weapons Level 1  
  75  8:10  SCV x2  
  75  8:11  Command Center  
  77  8:17  Engineering Bay  
  77  8:19  Engineering Bay  
  77  8:22  SCV  
  78  8:47  Supply Depot x2  
  78  8:48  SCV x2, Supply Depot  
  78  8:49  Widow Mine x3  
  78  8:53  Missile Turret  
  86  9:09  SCV, Battlecruiser  
  93  9:21  Thor  
  99  9:24  Widow Mine x2  
  99  9:26  SCV x2  
  99  9:27  Orbital Command  
  99  9:30  Refinery x2  
  105  9:43  Smart Servos  
  105  9:49  Missile Turret  
  105  9:59  Widow Mine x2  
  107  10:05  Hellion  
  101  10:20  Hellion  
  101  10:21  Hellion  
  105  10:27  Marine  
  99  10:34  Thor  
  97  10:39  Battlecruiser  
  97  10:44  Marine  
  98  11:02  Marine  
  99  11:16  Terran Vehicle And Ship Armor Level 3, Terran Ship Weapons Level 2  
  99  11:18  Widow Mine x2  
  103  11:24  Factory  
  103  11:31  Factory  
  103  11:33  SCV x3  
  106  11:41  Thor  
  106  11:43  Widow Mine x2  
  106  11:44  Battlecruiser  
  106  11:45  SCV x3  
  125  12:10  Supply Depot  
  125  12:11  Supply Depot  
  125  12:17  Factory Tech Lab x2  
  125  12:31  SCV x2, Hellion x3  
  125  12:33  SCV  
  134  12:43  SCV x2  
  134  12:44  Supply Depot  
  136  12:45  SCV  
  136  12:46  Supply Depot  
  137  12:53  Hellion x2  
  141  13:23  SCV  
  140  13:49  Hellion x4  
  146  14:01  Thor  
  143  14:10  Thor x2  
  115  14:41  Battlecruiser  
  115  14:44  Thor  
  117  14:52  Thor  
  117  14:56  Thor  
  123  15:18  Widow Mine x2  
  127  15:27  Thor  
  133  15:35  Thor  
  133  15:37  Starport  
  133  15:39  Thor  
  145  15:43  Factory  
  145  15:46  Battlecruiser  
  145  15:48  Terran Ship Weapons Level 3, Terran Vehicle Weapons Level 1  
  155  15:50  Widow Mine x2  
  155  16:24  Hellion  
  157  16:57  Hellion  
  156  17:05  Hellion x2  
  157  17:16  Starport Reactor, Factory Reactor  
  157  17:40  Supply Depot  
  157  17:41  Supply Depot x2  
  157  17:43  Supply Depot x2  
  157  17:54  Command Center  
  156  18:02  Hellion x6, Battlecruiser  
  156  18:03  Hellion  
  174  18:23  Hellion x4  
  174  18:24  Hellion x3  
  174  18:26  Marine  
  187  18:45  Hellion x5  
  197  18:48  Hellion  
  197  18:58  Hellion  
  189  19:06  Widow Mine, Hellion x3  
  189  19:07  Widow Mine  
  187  19:19  Widow Mine  
  165  19:28  Hellion x4  
Show
View Real Time Build Order
Export as new Build Order

Rednaxela Protoss - Winner!

Build Orders: Oracle Opening, Carriers 

Get SALT Encoding   

  12  0:00  Probe  
  13  0:12  Probe  
  14  0:18  Pylon  
  14  0:27  Probe  
  15  0:36  Gateway  
  15  0:40  Probe  
  16  0:47  Assimilator  
  16  0:52  Probe  
  17  1:01  Assimilator  
  18  1:04  Probe  
  18  1:16  Probe  
  19  1:25  Cybernetics Core  
  19  1:28  Probe  
  20  1:35  Pylon  
  20  1:40  Probe  
  21  1:52  Probe  
  22  2:04  Probe  
  23  2:11  Stargate  
  23  2:16  Probe  
  23  2:22  Pylon  
  24  2:30  Probe  
  25  2:42  Probe  
  26  2:55  Oracle (Chrono Boost)  
  29  3:01  Nexus  
  29  3:16  Probe  
  30  3:21  Oracle (Chrono Boost)  
  33  3:28  Probe  
  34  3:34  Protoss Air Weapons Level 1 (Chrono Boost)  
  34  3:39  Pylon  
  34  3:40  Probe  
  35  3:43  Void Ray (Chrono Boost)  
  39  3:57  Probe  
  40  4:24  Void Ray (Chrono Boost)  
  40  4:25  Probe  
  40  4:28  Probe  
  40  4:30  Pylon  
  46  4:38  Probe  
  47  4:40  Probe  
  48  4:50  Probe  
  48  4:52  Probe  
  50  4:56  Stargate  
  50  4:57  Void Ray (Chrono Boost)  
  50  5:00  Assimilator  
  50  5:02  Probe, Forge  
  50  5:04  Assimilator  
  55  5:30  Fleet Beacon  
  55  5:32  Probe x2  
  57  5:44  Probe x2  
  59  5:56  Probe x2  
  61  6:07  Protoss Air Armor Level 1 (Chrono Boost)  
  61  6:08  Probe x2  
  61  6:11  Pylon  
  63  6:14  Shield Battery  
  63  6:17  Photon Cannon  
  63  6:20  Probe x2  
  65  6:32  Probe x2  
  67  6:34  Flux Vanes  
  67  6:35  Void Ray x2  
  75  6:48  Stargate  
  66  7:48  Void Ray  
  66  7:49  Void Ray  
  74  7:59  Probe  
  74  8:00  Probe  
  76  8:11  Probe  
  76  8:12  Probe  
  78  8:19  Nexus  
  78  8:20  Pylon  
  78  8:22  Pylon  
  78  8:23  Pylon  
  78  8:24  Pylon  
  78  8:27  Pylon  
  78  8:31  Photon Cannon  
  78  8:32  Void Ray (Chrono Boost)  
  78  8:38  Protoss Air Weapons Level 2 (Chrono Boost)  
  82  8:43  Void Ray (Chrono Boost)  
  86  8:53  Photon Cannon  
  86  8:56  Photon Cannon  
  86  8:57  Photon Cannon  
  85  9:06  Void Ray (Chrono Boost)  
  87  9:10  Void Ray (Chrono Boost)  
  87  9:15  Probe x2, Void Ray (Chrono Boost)  
  92  9:22  Photon Cannon  
  92  9:24  Photon Cannon  
  96  9:25  Photon Cannon  
  96  9:27  Probe x2  
  96  9:28  Photon Cannon  
  96  9:30  Photon Cannon  
  98  9:32  Shield Battery  
  98  9:36  Pylon  
  98  9:39  Probe x2  
  98  9:40  Void Ray  
  100  9:51  Probe x2  
  103  9:59  Carrier x2 (Chrono Boost)  
  103  10:03  Probe x2  
  113  10:27  Carrier (Chrono Boost)  
  84  10:58  Carrier  
  90  11:05  Protoss Air Weapons Level 3 (Chrono Boost)  
  90  11:15  Probe x2  
  92  11:19  Assimilator x2  
  92  11:20  Photon Cannon  
  92  11:25  Tempest  
  97  11:40  Stargate  
  97  11:43  Tempest  
  102  12:07  Nexus, Robotics Facility  
  102  12:10  Pylon  
  102  12:13  Stargate, Pylon  
  102  12:17  Pylon  
  102  12:29  Carrier  
  108  12:35  Shield Battery  
  108  12:36  Shield Battery  
  108  12:38  Shield Battery  
  108  12:41  Shield Battery  
  108  12:44  Photon Cannon  
  108  12:45  Tempest  
  108  12:46  Photon Cannon  
  108  12:49  Photon Cannon  
  108  12:51  Photon Cannon  
  113  12:52  Pylon  
  113  12:55  Pylon  
  113  13:04  Tempest  
  117  13:26  Probe x3, Assimilator  
  121  13:27  Probe, Tempest  
  121  13:30  Assimilator  
  126  13:39  Tempest  
  131  14:29  Carrier x2  
  131  14:30  Carrier  
  149  14:51  Protoss Air Armor Level 2 (Chrono Boost)  
  149  14:52  Void Ray x2  
  154  15:21  Observer (Chrono Boost)  
  154  15:28  Void Ray  
  154  15:33  Tempest  
  154  15:34  Tempest, Carrier  
  174  15:36  Photon Cannon  
  174  15:39  Shield Battery  
  174  15:43  Shield Battery  
  174  15:45  Carrier  
  174  15:48  Photon Cannon  
  174  15:49  Photon Cannon  
  180  16:08  Pylon  
  180  16:11  Carrier  
  186  16:17  Tempest x2  
  196  17:19  Protoss Air Armor Level 3 (Chrono Boost)  
  195  17:31  Photon Cannon  
  195  17:32  Photon Cannon  
  195  17:35  Photon Cannon  
  195  17:44  Unknown  
  191  19:28  Nexus  
  191  19:31  Pylon  
  191  19:34  Pylon  
  191  19:36  Pylon  
  191  19:45  Assimilator  
  191  19:50  Assimilator  
  191  19:58  Photon Cannon  
  191  20:00  Photon Cannon  
  191  20:02  Photon Cannon  
  191  20:04  Photon Cannon  
  191  20:06  Shield Battery  
  191  20:08  Shield Battery  
  191  20:11  Shield Battery  
  191  20:13  Shield Battery  
Tags
 
Add a new tag
Caveats
  • Supply blocks, unpowered buildings, or Contaminate may cause inaccurate times.
  • Supply counts are checked every 10 seconds.